 Dungeon Crawl Stone Soup version 0.18-a0-425-ge088ad1 (webtiles) character file.

1247 Korkiloff the Grave Robber (level 8, -4/44 HPs)
             Began as a Gargoyle Necromancer on Nov 30, 2015.
             Was an Initiate of Sif Muna.
             Slain by a troll (7 damage)
             ... on level 9 of the Dungeon.
             The game lasted 00:47:15 (5383 turns).

Korkiloff the Grave Robber (Gargoyle Necromancer)   Turns: 5383, Time: 00:47:15

Health: -4/44      AC:  7    Str: 11    XL:     8   Next: 50%
Magic:  3/16       EV: 13    Int: 19    God:    Sif Muna [......]
Gold:   391        SH:  0    Dex: 10    Spells: 5 memorised, 6 levels left

rFire  . . .     SeeInvis .     i - +1 dagger (venom)
rCold  . . .     Clarity  .     a - +0 robe
rNeg   + . .     SustAt   .     (no shield)
rPois  ∞         Gourm    .     (no helmet)
rElec  +         Spirit   .     (no cloak)
rCorr  .         Dsmss    .     (no gloves)
rMut   .         Stasis   .     (no boots)
MR     .....                    (no amulet)
Stlth  ++........               (no ring)
                                (no ring)

@: not resistant to hostile enchantments, unstealthy
A: negative energy resistance 1, electricity resistance, unbreathing,
petrification resistance, rot immunity, AC +5
a: Renounce Religion


You were on level 9 of the Dungeon.
You worshipped Sif Muna.
Sif Muna was noncommittal.
You were not hungry.

You visited 1 branch of the dungeon, and saw 7 of its levels.

You collected 391 gold pieces.

Inventory:

Hand Weapons
 i - a +1 dagger of venom (weapon)
 m - a +0 rapier
 u - a +4 quarterstaff of chaos
 D - a +0 spear of venom
 J - a +0 hand axe (quivered)
 K - a +0 mace of protection
 N - a +0 blowgun
 P - a +0 long sword
Missiles
 g - 26 poisoned needles
 h - 134 arrows
 F - 4 tomahawks
 G - 16 sling bullets
Armour
 a - a +0 robe (worn)
 k - a +0 robe
 p - a +0 leather armour
 q - a +0 large shield
 r - a +0 robe
 s - a +0 leather armour
 z - a +0 ring mail
 H - a +0 cloak
 L - a +0 leather armour
Magical Staves
 v - an uncursed staff of cold {unknown}
Jewellery
 E - an uncursed amulet of the gourmand {unknown}
Wands
 A - a wand of magic darts (6)
Scrolls
 e - 6 scrolls of identify {unknown}
 j - 2 scrolls of enchant armour {unknown}
 t - a scroll of remove curse {unknown}
 w - 2 scrolls of magic mapping {unknown}
 x - 2 scrolls of fear {unknown}
 y - 3 scrolls of noise {unknown}
 B - a scroll of teleportation {unknown}
 C - 5 scrolls of amnesia {unknown}
Potions
 d - a potion of flight {unknown}
 f - 2 potions of agility
 n - a potion of heal wounds
 o - 3 potions of might {unknown}
Books
 b - a book of Necromancy

   Spells                             Type                      Level
   a - Pain                           Necromancy                   1
   b - Animate Skeleton               Necromancy                   1
   c - Vampiric Draining              Necromancy                   3
   d - Regeneration                   Charms/Necromancy            3
   e - Animate Dead                   Necromancy                   4
   f - Control Undead                 Necromancy                   4
 M - a book of Debilitation

   Spells                             Type                      Level
   a - Corona                         Hexes                        1
   b - Slow                           Hexes                        2
   c - Gell's Gravitas                Hexes/Translocation          3
   d - Inner Flame                    Hexes/Fire                   3
   e - Cause Fear                     Hexes                        4
   f - Leda's Liquefaction            Hexes/Earth                  4
Comestibles
 c - 4 bread rations
 l - 2 meat rations
 I - a slice of pizza
 O - a beef jerky


   Skills:
 + Level 1.9 Fighting
 + Level 1.0 Short Blades
 + Level 1.1 Maces & Flails
 + Level 0.3 Throwing
 + Level 3.7 Dodging
 + Level 3.3 Stealth
 + Level 5.6 Spellcasting
 + Level 1.1 Charms
 + Level 5.7 Necromancy


You had 6 spell levels left.
You knew the following spells:

 Your Spells              Type           Power        Failure   Level  Hunger
a - Pain                  Necr           ####         1%          1    None
b - Animate Skeleton      Necr           N/A          1%          1    None
c - Vampiric Draining     Necr           ####......   3%          3    ##.....
d - Regeneration          Chrm/Necr      ###.......   12%         3    ##.....
e - Animate Dead          Necr           N/A          12%         4    ####...


Dungeon Overview and Level Annotations

Branches:
Dungeon (9/15)
 Temple: D:4-7         Lair: D:8-11         Orc: D:9-12

Altars:
Dithmenos
Gozag
Kikubaaqudgha
Qazlal
Sif Muna


Innate Abilities, Weirdness & Mutations

You are resistant to torment.
Your stone body is resilient (AC +5).
You are immune to poison.
You resist negative energy.
You are resistant to electric shocks.
You can survive without breathing.
You are immune to petrification.
You are immune to rotting.


Message History

Your giant gecko skeleton bites the troll.
Casting: Pain
Confirm with . or Enter, or press ? or * to list all spells.
Aiming: Pain
Press: ? - help, Shift-Dir - straight line, f/p - troll
Aim: a troll (severely wounded, chance to defeat MR: 84%)
The troll barely resists.
The troll completely misses you. The troll claws you! The troll claws you!
* * * LOW HITPOINT WARNING * * *
Your giant gecko skeleton bites the troll.
Casting: Pain
Confirm with . or Enter, or press ? or * to list all spells.
Aiming: Vampiric Draining
Press: ? - help, Shift-Dir - straight line, f/p - troll
Aim: a troll (almost dead)
The troll is almost dead.
You feel life coursing into your body. The troll bites you!
* * * LOW HITPOINT WARNING * * *
The troll claws you but does no damage. The troll claws you!
You die...

#..####.....#####..###...####.#..
.........................# #.#..
#..####.....#.#....###.#.# #.#..
.#.# ###.###.#.#.## #.#.# #.#
###.#####.###.#.#.# #.... #.# #
##..............# ##...# #.#
###.......###...#######...# .#
.#................Z........
#........##.###.@T..........
###########.....####..(.?.
####### ##... .


You could see a troll and a friendly giant gecko skeleton.

Vanquished Creatures
  Grinder (D:5)
  An ogre (D:5)
  An ice beast (D:4)
  A centaur (D:6)
  A scorpion (D:9)
  3 crimson imps
  A hound (D:4)
  An iguana (D:5)
  Crazy Yiuf (D:4)
  2 orc priests
  Ijyb (D:2)
  A giant frog skeleton (D:5)
  4 orc wizards
  A worker ant (D:5)
  Natasha (D:2)
  A hound skeleton (D:5)
  8 adders
  An ooze (D:5)
  An adder zombie (D:5)
  2 adder skeletons (D:5)
  A worm (D:4)
  4 giant geckos
  17 orcs
  5 bats
  7 giant cockroaches
  4 goblins
  9 hobgoblins
  15 jackals
  8 kobolds
  2 quokkas
  A ball python (D:1)
  7 giant newts
  A quokka skeleton (D:4)
  10 rats
125 creatures vanquished.

Vanquished Creatures (collateral kills)
  An ogre (D:4)
  An adder (D:5)
  An adder skeleton (D:4)
  A giant gecko (D:4)
  2 goblins
  2 jackals (D:2)
8 creatures vanquished.

Grand Total: 133 creatures vanquished

Notes
Turn   | Place    | Note
--------------------------------------------------------------
     0 | D:1      | Korkiloff the Gargoyle Necromancer began the quest for the Orb.
     0 | D:1      | Reached XP level 1. HP: 10/10 MP: 3/3
   207 | D:1      | Reached XP level 2. HP: 10/15 MP: 5/5
   550 | D:1      | Learned a level 1 spell: Animate Skeleton
   850 | D:1      | Reached XP level 3. HP: 12/19 MP: 6/6
  1450 | D:2      | Noticed Ijyb
  1472 | D:2      | Killed Ijyb
  1472 | D:2      | Reached XP level 4. HP: 16/24 MP: 3/8
  1512 | D:2      | Reached skill level 4 in Necromancy
  1637 | D:2      | Noticed Natasha
  1667 | D:2      | Killed Natasha
  1667 | D:2      | Reached XP level 5. HP: 28/28 MP: 7/9
  1853 | D:3      | Learned a level 3 spell: Vampiric Draining
  1857 | D:3      | Learned a level 3 spell: Regeneration
  2021 | D:3      | Found a shadowy altar of Dithmenos.
  2090 | D:3      | Found an opulent altar of Gozag.
  2313 | D:3      | Found a stormy altar of Qazlal.
  2315 | D:3      | Found an ancient bone altar of Kikubaaqudgha.
  2770 | D:4      | Reached XP level 6. HP: 27/32 MP: 5/11
  3362 | D:4      | Reached XP level 7. HP: 26/37 MP: 8/13
  3547 | D:4      | Noticed Crazy Yiuf
  3560 | D:4      | Killed Crazy Yiuf
  3780 | D:5      | Entered Level 5 of the Dungeon
  3838 | D:5      | Reached skill level 5 in Necromancy
  4026 | D:5      | Reached skill level 1 in Fighting
  4529 | D:5      | Noticed Grinder
  4536 | D:5      | Paralysed by Grinder for 6 turns
  4551 | D:5      | Paralysed by Grinder for 5 turns
  4569 | D:5      | Paralysed by Grinder for 2 turns
  4602 | D:5      | Killed Grinder
  4602 | D:5      | Reached skill level 1 in Short Blades
  4602 | D:5      | Reached skill level 5 in Spellcasting
  4602 | D:5      | Reached XP level 8. HP: 25/44 MP: 12/15
  4634 | D:5      | Found a deep blue altar of Sif Muna.
  4639 | D:5      | Became a worshipper of Sif Muna the Loreminder
  4786 | D:6      | Reached skill level 1 in Charms
  4823 | D:6      | Reached skill level 1 in Maces & Flails
  4987 | D:6      | You fall through a shaft for 3 floors!
  5090 | D:9      | Noticed a two-headed ogre
  5248 | D:9      | Learned a level 4 spell: Animate Dead
  5367 | D:9      | Noticed a troll
  5383 | D:9      | Slain by a troll

Vault maps used:
D:1:      onia_arrival_handbag, serial_park_tiny_1
D:2:      first_bread, uniq_natasha, uniq_iyjb
D:3:      nicolae_gozag_cash_rules_everything_around_me, lemuel_crystal_altar,
          nicolae_overflow_hidden_temple
D:4:      minmay_misc_feat_columns, kennysheep_dice, uniq_crazy_yiuf_cottage
D:5:      kennysheep_little_box, st_stairs_6, serial_bayou_lake_a, uniq_grinder
D:6:      kennysheep_housing_project, gammafunk_temple_overflow_pools
D:9:      minmay_diamond_stairs, david_orc_4, serial_shops, shop_coins,
          basic_altar

Action                   |  1- 3 |  4- 6 |  7- 9 || total
-------------------------+-------+-------+-------++-------
Melee: Unarmed           |     4 |       |       ||     4
       Dagger            |    78 |   103 |    69 ||   250
       Mace              |       |       |   135 ||   135
Throw: Tomahawk          |       |       |    16 ||    16
 Cast: Pain              |    29 |    57 |    46 ||   132
       Animate Skeleton  |     9 |    21 |    13 ||    43
       Regeneration      |       |     1 |     4 ||     5
       Vampiric Draining |       |     2 |    13 ||    15
       Animate Dead      |       |       |     1 ||     1
Evoke: Wand              |       |     2 |     2 ||     4
  Use: Potion            |       |     2 |     1 ||     3
 Stab: Sleeping          |     2 |     4 |     4 ||    10
       Distracted        |       |       |     1 ||     1
  Eat: Chunk             |     2 |     6 |     9 ||    17
